 Dungeon Crawl Stone Soup version 0.30-a0-857-gcaf70739d4 (webtiles) character file.

Game seed: 4015974217389217052

261 bande the Covered (level 6, -16/38 HPs)
             Began as a Gargoyle Fighter on Mar 5, 2023.
             Was an Initiate of Okawaru.
             Demolished by an ogre
             ... wielding a +0 giant spiked club
              (31 damage)
             ... on level 5 of the Dungeon.
             The game lasted 00:05:03 (2245 turns).

bande the Covered (Gargoyle Fighter)                Turns: 2245, Time: 00:05:04

Health: -16/38     AC: 14    Str: 20    XL:     6   Next: 18%
Magic:  6/6        EV:  9    Int:  8    God:    Okawaru [......]
Gold:   196        SH:  4    Dex: 11    Spells: 5/5 levels left

rFire   . . .      SeeInvis .    a - +1 war axe
rCold   . . .      Faith    .    c - +0 buckler
rNeg    + . .      Spirit   .    b - +0 scale mail
rPois   ∞          Reflect  .    (no helmet)
rElec   +          Rampage  .    r - +1 cloak
rCorr   .                        (no gloves)
Will    .....                    g - +0 pair of boots Stlth
                                 (no amulet)
HPRegen 0.26/turn                (no ring)
MPRegen 0.10/turn                (no ring)

@: no status effects
A: sickness immunity, AC +4, negative energy resistance 1, electricity
resistance, torment resistance 1, petrification resistance
a: Renounce Religion


You were on level 5 of the Dungeon.
You worshipped Okawaru.
Okawaru was noncommittal.
You visited 2 branches of the dungeon, and saw 6 of its levels.

You collected 196 gold pieces.

Inventory:

Hand Weapons
 a - a +1 war axe (weapon)
 q - a +0 war axe
Armour
 b - a +0 scale mail (worn)
 c - a +0 buckler (worn)
 g - a +0 pair of boots (worn)
 r - a +1 cloak (worn)
Wands
 e - a wand of mindburst (11)
Scrolls
 h - 2 scrolls of enchant armour
 i - a scroll of fear
 j - a scroll of teleportation
Potions
 d - 2 potions of might
 f - 3 potions of mutation
 k - 2 potions of curing
 l - a potion of brilliance


   Skills:
 + Level 4.0 Fighting
 + Level 4.1 Axes
 + Level 4.2 Armour
 + Level 3.9 Shields
 * Level 0.1 Invocations
 * Level 1.5 Evocations


You had 5 spell levels left.
You didn't know any spells.
Your spell library contained the following spells:

 Spells                   Type           Power      Damage    Failure   Level
 Necrotise                Necr           0%         1d4       83%         1
 Vampiric Draining        Necr           0%         2d6       99%         3
 Agony                    Necr           0%         N/A       100%        5


Dungeon Overview and Level Annotations

Branches:
Dungeon (5/15)             Temple (1/1) D:4

Altars:
Ashenzari
Cheibriados
Fedhas
Gozag
Hepliaklqana
Kikubaaqudgha
Nemelex Xobeh
Okawaru
Qazlal
Sif Muna
Trog
Uskayaw
Yredelemnul
The Shining One


Innate Abilities, Weirdness & Mutations

You are immune to sickness and miasma.
Your stone body is resilient. (AC +4)
You are immune to poison.
You resist negative energy. (rN+)
You are resistant to electric shocks. (rElec)
You are resistant to unholy torment.
You are immune to petrification.


Message History

You now have 196 gold pieces (gained 11).
You open the door.
There is an open door here.
You see here 9 stones.
You open the door.
An ogre comes into view. It is wielding a +0 giant spiked club.
The ogre shouts!
There is an open door here.
An ogre is nearby!
The ogre hits you with a +0 giant spiked club!
You completely miss the ogre. You slash the ogre!
The ogre is moderately wounded.
The ogre hits you with a +0 giant spiked club!
You hit the ogre but do no damage.
The ogre is moderately wounded.
The ogre misses you.
You completely miss the ogre.
The ogre is moderately wounded.
The ogre hits you with a +0 giant spiked club!
You are too injured to fight recklessly!
You are too injured to fight recklessly!
You are too injured to fight recklessly!
You are too injured to fight recklessly!
You are too injured to fight recklessly!
You are too injured to fight recklessly!
You barely miss the ogre.
The ogre is moderately wounded.
You block the ogre's attack.
You slash the ogre!
The ogre is heavily wounded.
The ogre barely misses you.
You hit the ogre.
The ogre is severely wounded.
The ogre hits you but does no damage.
You slash the ogre!
The ogre is almost dead.
The ogre hits you with a +0 giant spiked club!!
Ouch! That really hurt!
You die...

.............#...'..
######.......#...#.. .
#......[#..##.. ..
#.......#..#... ...
##+##.......#..'... ....
#...........+..#...
.....#...........#..#...
.....'....###+####..#...
#O@..#.....##..##..
#....#..........#..
#....'..........#..
#....########.(.'..
........ #..##..
.......... #..####
.."........ #...#
............ #...#
........... #...+


You could see an ogre.

Vanquished Creatures
  A black bear (D:4)
  8 adders
  A worm (D:4)
  4 dart slugs
  8 orcs
  8 bats
  7 endoplasms
  2 giant cockroaches
  12 goblins
  5 hobgoblins
  3 jackals (D:1)
  3 quokkas
  5 ball pythons
  3 frilled lizards
  7 kobolds
  2 rats (D:2)
79 creatures vanquished.

Notes
Turn   | Place    | Note
-------+----------+-------------------------------------------
     0 | D:1      | bande the Gargoyle Fighter began the quest for the Orb.
     0 | D:1      | Reached XP level 1. HP: 14/14 MP: 1/1
    80 | D:1      | Reached XP level 2. HP: 17/19 MP: 2/2
   357 | D:1      | Found a faded altar of an unknown god.
   545 | D:2      | Reached XP level 3. HP: 20/24 MP: 3/3
  1032 | D:3      | Reached XP level 4. HP: 29/29 MP: 4/4
  1487 | D:4      | Reached XP level 5. HP: 28/33 MP: 5/5
  1726 | D:4      | Reached skill level 1 in Evocations
  1817 | D:4      | Noticed a black bear
  1818 | D:4      | Found a staircase to the Ecumenical Temple.
  1830 | D:4      | Killed a black bear
  1831 | D:4      | Reached XP level 6. HP: 28/38 MP: 6/6
  1838 | Temple   | Entered the Ecumenical Temple
  1880 | Temple   | Became a worshipper of Warmaster Okawaru
  2190 | D:5      | Entered Level 5 of the Dungeon
  2245 | D:5      | Demolished by an ogre

Illustrated notes

Levels and vault maps discovered:
D:1:      wander_arrival_chamber, layout_rooms,
          dilly_ecumenical_altar_fadedgnrine
D:2:      layout_rooms, grunt_decor_cap
D:3:      layout_rooms, kennysheep_nondescript, amcnicky_mini_pool_small,
          minmay_close_crescents
D:4:      nicolae_cairo_tiling_large_dashed, layout_basic,
          minmay_temple_entry_purple_smoke
D:5:      layout_gridville, uniq_grinder
Temple:   compressed_dpeg_triangle_lava_temple

Skill      XL: |  1  2  3  4  5 |
---------------+----------------+-----
Axes           | 2 3 4 |  4.1
Armour         | 4 |  4.2
Evocations     | 1 |  1.5
Fighting       | 4 |  4.0
Shields        | |  3.9
Invocations    | |  0.1

Action                     |  1- 3 |  4- 6 || total
---------------------------+-------+-------++-------
  Melee: War axe           |    97 |   132 ||   229
    Use: Scroll            |    13 |     2 ||    15
 Armour: Scale mail        |    59 |    97 ||   156
  Dodge: Dodged            |    59 |    73 ||   132
  Block: Buckler           |    29 |    27 ||    56

Table legend: (Time is in decaauts)
 A = Elapsed time spent in this place.
 B = Non-inter-level travel time spent in this place.
 C = Inter-level travel time spent in this place.
 D = Time resting spent in this place.
 E = Time spent auto-exploring this place.
 F = Levels seen in this place.
 G = Mean time per level.
                   A        B        C        D        E       F      G
               +--------+--------+--------+--------+--------+-----+--------+
         Total |   2335 |   2301 |     34 |      0 |   1559 |   6 |  389.2 |
       Dungeon |   2272 |   2238 |     34 |      0 |   1559 |   5 |  454.4 |
        Temple |     62 |     62 |      0 |      0 |      0 |   1 |   62.0 |
               +--------+--------+--------+--------+--------+-----+--------+

Top non-repeatable levels by time:
     D:4: 738 daAuts
     D:1: 530 daAuts
     D:3: 496 daAuts
     D:2: 449 daAuts
  Temple: 62 daAuts
     D:5: 57 daAuts
